 Dungeon Crawl Stone Soup version 0.25.0 (webtiles) character file.

Game seed: 12496849032684616010

(classic levelgen) 1664989 EnegeticOcto the Invulnerable (level 25, 200/215 HPs)
             Began as a Barachi Enchanter on June 12, 2020.
             Was the Champion of Ru.
             Escaped with the Orb
             ... and 3 runes!
             The game lasted 01:41:36 (69567 turns).

EnegeticOcto the Invulnerable (Barachi Enchanter)  Turns: 69567, Time: 01:41:37

Health: 200/215    AC: 41    Str: 22    XL:     25
Magic:  34/34      EV: 14    Int: 16    God:    Ru [******]
Gold:   3551       SH: 36    Dex: 26    Spells: 27/28 levels left

rFire    + . .     SeeInvis .   b - +8 arc blade {discharge, rElec}
rCold    + . .     Gourm    .   H - +6 tower shield
rNeg     . . .     Faith    .   c - +3 gold dragon scales
rPois    +         Spirit   .   (helmet restricted)
rElec    +         Reflect  +   O - +2 cloak of Ashenzari's Esteem {Str+4 Dex+7}
rCorr    +         Harm     .   W - +2 pair of gloves
MR       ++...                  w - +1 pair of boots
Stlth    ..........             y - amulet of reflection
HPRegen  0.45/turn              P - ring "Lorays" {+Inv Str+6 Dex+2}
MPRegen  0.24/turn              r - ring "Foos Ire" {+Blink rPois MR+ rCorr Str-3}

@: liquid flames, can't hop, glowing, slow
A: +LOS, swims, claws 1, horns 1, poison resistance, electricity resistance,
slowness 1, weak 1, evolution 1, no potion heal 1, inability to drink while
threatened, inability to read while threatened, hated by all, inexperienced 1,
missing an eye, strong legs 2
0: Orb of Zot
}: 3/15 runes: barnacled, silver, gossamer
a: Hop, Draw Out Power, Power Leap, Apocalypse, Renounce Religion, Evoke Blink,
Evoke Invisibility


You escaped.
You worshipped Ru.
Ru was exalted by your worship.
You were full.

You visited 8 branches of the dungeon, and saw 46 of its levels.
You visited the Abyss 1 time.
You also visited: Trove, Bailey and Ice Cave.

You collected 6262 gold pieces.
You spent 2711 gold pieces at shops.

Inventory:

Hand Weapons
 a - the +12 demon blade of the Little People {venom, rPois MR+ Str-5 Dex+2}
   (You acquired it on level 1 of the Shoals)

   It poisons the flesh of those it strikes.
   It affects your strength (-5).
   It affects your dexterity (+2).
   It protects you from poison.
   It affects your resistance to hostile enchantments.
 b - the +8 arc blade (weapon) {discharge, rElec}
   (You found it on level 4 of the Shoals)

   It insulates you from electricity.
Missiles
 i - 39 silver javelins
 m - 28 boomerangs
 K - 19 curare-tipped darts
 L - 10 throwing nets (quivered) {!f}
 U - 47 javelins
Armour
 c - +3 gold dragon scales (worn)
 w - a +1 pair of boots (worn)
 H - a +6 tower shield (worn)
 O - the +2 cloak of Ashenzari's Esteem (worn) {Str+4 Dex+7}
   (You acquired it on level 13 of the Dungeon)

   It affects your strength (+4).
   It affects your dexterity (+7).
 W - a +2 pair of gloves (worn)
Jewellery
 j - the ring "Adiqoak Hifo" {MR+ Dex+3 Slay+5}
   (You bought it in a shop on level 7 of the Dungeon)

   [ring of protection from magic]

   It affects your dexterity (+3).
   It affects your accuracy and damage with ranged weapons and melee attacks
   (+5).
   It affects your resistance to hostile enchantments.
 r - the ring "Foos Ire" (right hand) {+Blink rPois MR+ rCorr Str-3}
   (You found it in a treasure trove)

   [ring of resist corrosion]

   It affects your strength (-3).
   It protects you from poison.
   It affects your resistance to hostile enchantments.
   It lets you blink.
   It provides partial protection from all sources of acid and corrosion.
 s - the ring "Dis Agof" {EV+4 Str+7 Int+4}
   (You found it in a treasure trove)

   [ring of evasion]

   It affects your evasion (+4).
   It affects your strength (+7).
   It affects your intelligence (+4).
 y - an amulet of reflection (around neck)
 P - the ring "Lorays" (left hand) {+Inv Str+6 Dex+2}
   (You found it in an ice cave)

   [ring of strength]

   It affects your strength (+6).
   It affects your dexterity (+2).
   It lets you turn invisible.
 S - the ring "Uxkaa" {*Slow rPois rF+ rC+ MR+}
   (You bought it in a shop on level 2 of the Orcish Mines)

   [ring of protection from fire]

   It protects you from fire.
   It protects you from cold.
   It protects you from poison.
   It affects your resistance to hostile enchantments.
   It may slow you when you take damage.
 X - the ring of Soubam {+Fly rC+}
   (You took it off an ironheart preserver on level 5 of the Vaults)

   [ring of flight]

   It protects you from cold.
   It lets you fly.
Wands
 x - a wand of polymorph (21)
 A - a wand of acid (12) {@v1}
 B - a wand of clouds (12)
 I - a wand of digging (14) {@v3}
 J - a wand of iceblast (6) {@v2}
 N - a wand of paralysis (3)
 T - a wand of disintegration (2)
Scrolls
 g - 16 scrolls of teleportation {@r3 !r}
 l - 2 scrolls of fear {!r}
 o - 7 scrolls of blinking {@r4}
 t - 4 scrolls of fog {!r}
 M - a scroll of identify {@r1}
 Q - a scroll of holy word
 R - 3 scrolls of vulnerability
 V - 4 scrolls of immolation
 Z - a scroll of silence
Potions
 d - 2 potions of mutation
 f - 23 potions of curing {@q1 !q}
 h - 7 potions of stabbing {@q5 !q}
 k - 9 potions of might {@q3 !q}
 n - 3 potions of haste {@q4 !q}
 p - 4 potions of magic
 u - 2 potions of cancellation
 v - 10 potions of lignification {@q6}
 z - 4 potions of resistance
 C - 6 potions of ambrosia
 D - 5 potions of heal wounds {@q2 !q}
 E - 3 potions of berserk rage
 G - 3 potions of invisibility
Miscellaneous
 q - a phial of floods
 Y - a tin of tremorstones (3/3)
Comestibles
 e - 43 rations


   Skills:
 + Level 21.5 Fighting
 - Level 11.0(14.0) Short Blades
 - Level 15.3(16.7) Long Blades
 - Level 16.0 Throwing
 O Level 27 Armour
 - Level 11.4 Dodging
 - Level 6.0 Stealth
 - Level 23.0 Shields
 - Level 2.1 Spellcasting
 - Level 3.2 Hexes
 - Level 15.0 Evocations


You had 27 spell levels left.
You knew the following spells:

 Your Spells              Type           Power        Failure   Level  Hunger
a - Corona                Hex            ##.....      52%         1    #......

Your spell library contained the following spells:

 Spells                   Type           Power        Failure   Level  Hunger
 Slow                     Hex            ##......     65%         2    ###....
 Ensorcelled Hibernation  Hex/Ice        #.....       87%         2    ###....
 Confusing Touch          Hex            ##......     87%         3    ###....
 Foxfire                  Conj/Fire      #...         93%         1    #......
 Freeze                   Ice            #...         93%         1    #......
 Magic Dart               Conj           #...         93%         1    #......
 Shock                    Conj/Air       #...         93%         1    #......
 Sting                    Tmut/Pois      #...         93%         1    #......
 Corpse Rot               Necr/Air       N/A          98%         2    ###....
 Poisonous Vapours        Pois/Air       #.....       98%         2    ###....
 Searing Ray              Conj           #.....       98%         2    ###....
 Sublimation of Blood     Necr           #.........   98%         2    ###....
 Swiftness                Chrm/Air       #.......     98%         2    ###....
 Dazzling Flash           Conj/Hex       #.....       98%         3    ###....
 Inner Flame              Hex/Fire       #.......     98%         3    ###....
 Portal Projectile        Hex/Tloc       #.....       98%         3    ###....
 Cause Fear               Hex            ##........   99%         4    #####..
 Conjure Flame            Conj/Fire      #.......     100%        3    ###....
 Frozen Ramparts          Ice            #.....       100%        3    ###....
 Gell's Gravitas          Tloc           #.........   100%        3    ###....
 Ignite Poison            Fire/Tmut/Pois #.......     100%        3    ###....
 Mephitic Cloud           Conj/Pois/Air  #.......     100%        3    ###....
 Ozocubu's Armour         Chrm/Ice       #.......     100%        3    ###....
 Static Discharge         Conj/Air       #.......     100%        3    ###....
 Vampiric Draining        Necr           #.........   100%        3    ###....
 Airstrike                Air            #.........   100%        4    #####..
 Fulminant Prism          Conj/Hex       #.........   100%        4    #####..
 Hailstorm                Conj/Ice       #.......     100%        4    #####..
 Iskenderun's Mystic Bla  Conj/Tloc      #.......     100%        4    #####..
 Leda's Liquefaction      Hex/Erth       #.........   100%        4    #####..
 Petrify                  Tmut/Erth      #.......     100%        4    #####..
 Alistair's Intoxication  Tmut/Pois      #.......     100%        5    ######.
 Bolt of Magma            Conj/Fire/Erth #.........   100%        5    ######.
 Borgnjor's Vile Clutch   Necr/Erth      #.........   100%        5    ######.
 Excruciating Wounds      Chrm/Necr      #.........   100%        5    ######.
 Irradiate                Conj/Tmut      #.........   100%        5    ######.
 Iskenderun's Battlesphe  Conj/Chrm      #.......     100%        5    ######.
 Lightning Bolt           Conj/Air       #.........   100%        5    ######.
 Metabolic Englaciation   Hex/Ice        #.........   100%        5    ######.
 Silence                  Hex/Air        #.........   100%        5    ######.
 Yara's Violent Unravell  Hex/Tmut       #.........   100%        5    ######.
 Dispersal                Tloc           #.........   100%        6    #######
 Eringya's Noxious Bog    Tmut/Pois      #.........   100%        6    #######
 Freezing Cloud           Conj/Ice/Air   #.........   100%        6    #######
 Hydra Form               Tmut           #.........   100%        6    #######
 Iron Shot                Conj/Erth      #.........   100%        6    #######
 Statue Form              Tmut/Erth      #........    100%        6    #######
 Dragon Form              Tmut           #.........   100%        7    #######
 Orb of Destruction       Conj           #.........   100%        7    #######
 Ring of Flames           Chrm/Fire      #.........   100%        7    #######
 Controlled Blink         Tloc           N/A          100%        8    #######
 Discord                  Hex            ##........   100%        8    #######
 Disjunction              Tloc           #.........   100%        8    #######
 Shatter                  Erth           #.........   100%        9    #######
 Tornado                  Air            #.........   100%        9    #######
 Tukima's Dance           Hex            Unusable     N/A         3    N/A
 Animate Skeleton         Necr           Unusable     N/A         1    N/A
 Summon Butterflies       Summ           Unusable     N/A         1    N/A
 Summon Small Mammal      Summ           Unusable     N/A         1    N/A
 Call Imp                 Summ           Unusable     N/A         2    N/A
 Summon Guardian Golem    Hex/Summ       Unusable     N/A         3    N/A
 Call Canine Familiar     Summ           Unusable     N/A         3    N/A
 Recall                   Summ/Tloc      Unusable     N/A         3    N/A
 Animate Dead             Necr           Unusable     N/A         4    N/A
 Summon Ice Beast         Ice/Summ       Unusable     N/A         4    N/A
 Summon Lightning Spire   Summ/Air       Unusable     N/A         4    N/A
 Summon Mana Viper        Hex/Summ       Unusable     N/A         5    N/A
 Death Channel            Necr           Unusable     N/A         6    N/A
 Simulacrum               Ice/Necr       Unusable     N/A         6    N/A
 Spellforged Servitor     Conj/Summ      Unusable     N/A         7    N/A
 Summon Hydra             Summ           Unusable     N/A         7    N/A
 Dragon's Call            Summ           Unusable     N/A         9    N/A

Dungeon Overview and Level Annotations

Branches:
Dungeon (15/15)            Temple (0/1) D:7            Lair (6/6) D:11
 Shoals (4/4) Lair:3       Spider (4/4) Lair:2        Slime (0/5) Lair:6
    Orc (2/2) D:11            Elf (0/3) Orc:2        Vaults (5/5) D:13
  Crypt (0/3) Vaults:3     Depths (5/5) D:15            Zot (5/5) Depths:5
 Bailey (visited)           IceCv (visited)

Altars:
Cheibriados
Dithmenos
Elyvilon
Fedhas
Kikubaaqudgha
Makhleb
Nemelex Xobeh
Qazlal
Ru
Sif Muna
Uskayaw
Vehumet
Wu Jian
Yredelemnul
Zin
The Shining One
Jiyva

Shops:
D:7 :[=*}   Orc:2 %!=(   Shoals:3 *   Vaults:3 (

Portals:
Hell: Lair:6 Depths:1 Depths:2 Depths:3 Depths:4 Depths:5
Abyss: Depths:1 Depths:4
Pandemonium: Depths:1 Depths:3 Depths:4
Ziggurat: Depths:5

Annotations:
D:6 1 runed translucent door, Crazy Yiuf
D:9 3 runed translucent doors, Beibim's ghost, novice VSAs
Shoals:2 3 runed translucent doors, Lianjan's ghost, adept MiGl
Shoals:3 Roxanne
Shoals:4 exclusion: oklob plant
Depths:2 exclusion: orange crystal statue


Innate Abilities, Weirdness & Mutations

You can be seen from farther away. (+LOS)
You can swim through water.
You cover ground slowly.
You cannot drink potions while threatened.
You cannot read scrolls while threatened.
You are hated by all.
You are somewhat inexperienced. (-2 XL)
You are missing an eye, making it more difficult to aim.
You can hop long distances.
You have sharp fingernails.
You have a pair of small horns on your head.
Your system is resistant to poisons. (rPois)
You are resistant to electric shocks. (rElec)
You are weak. (Str -2)
You evolve.
Potions are less effective at restoring your health.


Message History

You block the blizzard demon's attack. x2
You miss the blizzard demon.
Your headbutt misses the blizzard demon.
The blizzard demon is almost dead.
The blizzard demon is stunned by your will and fails to attack.
You slice the blizzard demon!!
You kill the blizzard demon!
No target in view!
The +12 demon blade of the Little People {venom, rPois MR+ Str-5 Dex+2} stops dripping with poison.
The arc blade crackles to life.
b - the +8 arc blade (weapon)
{discharge, rElec}
(D) Dungeon (T) Temple (L) Lair (A) Shoals (N) Spider Nest (M) Slime Pits (O) Orcish Mines (E) Elven Halls (V) Vaults (C) Crypt (U) Depths (H) Hell (Z) Zot
Where to? (Enter - D:1 @ (x,y), ? - help)
There is a stone staircase leading up here.
You are ready to hop once more.
You climb upwards.
There is a stone staircase leading down here.
There is a stone staircase leading up here.
You climb upwards.
You block the phantom's attack.
There is a stone staircase leading down, spattered with blood here.
Unknown command.
You puncture the phantom! You headbutt the phantom!
The phantom is moderately damaged.
The phantom hits you but does no damage.
You puncture the phantom! You headbutt the phantom.
The phantom is heavily damaged.
You miss the phantom. Your headbutt misses the phantom.
The phantom is heavily damaged.
You block the phantom's attack.
You hit the phantom.
The phantom is severely damaged.
You puncture the phantom!
You destroy the phantom!
No target in view!
No target in view!
No target in view!
No target in view!
No target in view!
(D) Dungeon (T) Temple (L) Lair (A) Shoals (N) Spider Nest (M) Slime Pits (O) Orcish Mines (E) Elven Halls (V) Vaults (C) Crypt (U) Depths (H) Hell (Z) Zot
Where to? (Enter - D:1 @ (x,y), ? - help)
A hell beast comes into view.
Unknown command.
Evoke which item? (* to show all) (? for menu, Esc to quit)
Aiming: Dig
Press: ? - help, Shift-Dir - straight line A rock wall.
This square is covered in magical glow.
The rock shatters into small pieces.
An orange demon and a pandemonium lord come into view.
The orange demon screeches!
The hell beast misses you. You block the hell beast's attack.
Gaxiot moves out of view.
You block the hell beast's attack. x2
Really quaff
n - 4 potions of haste {@q4 !q}?
You feel yourself speed up. You block the hell beast's attack. x2
The hell beast closely misses you.
The hell beast tramples you but does no damage.
Hop to where?
Press: ? - help, Dir - move target cursor Boing!
You see here a cursed -2 hand axe.
There is a stone staircase leading up here.
You climb upwards.
There is a stone staircase leading down here.
(D) Dungeon (T) Temple (L) Lair (A) Shoals (N) Spider Nest (M) Slime Pits (O) Orcish Mines (E) Elven Halls (V) Vaults (C) Crypt (U) Depths (H) Hell (Z) Zot
Where to? (Enter - D:1 @ (x,y), ? - help)
There is a stone staircase leading up here.
You climb upwards.
There is a stone staircase leading down here.
Your extra speed is starting to run out.
You feel yourself slow down. 3 red devils and a balrug come into view.
A red devil is wielding a +0 demon trident of draining.
There is an open gate here.
You redirect the balrug's attack!
The red devil barely misses you. The balrug gestures at you.
The bolt of fire hits you. You resist.
An ice devil comes into view.
You block the red devil's attack. x2
You block the red devil's attack. The balrug gestures at you.
Something smites you! The balrug gestures at you. The sticky flame hits you.
You resist.
You are covered in liquid flames!
You block the red devil's attack.
There is a staircase leading out of the dungeon here.
You are covered in liquid flames!
You block the red devil's attack. x2; You block the balrug's attack.
You have escaped!

♣♣♣ ♣♣♣♣♣.♣♣♣ ♣♣♣.......♣♣♣
♣♣....82@.8..♣♣♣♣♣
♣♣.....4..........♣
♣♣......4.44.......♣♣
♣.......8...8.......♣
♣#####.........#####♣######
##.......##...###.....
##8...8###.##.#######
######'''##........#####
#....(......#.##.#......


You could see a balrug, an ice devil and 3 red devils.

Vanquished Creatures
  Mara (Spider:4)
  4 orbs of fire
  7 ancient liches (Zot:5)
  2 juggernauts
  A shard shrike (Zot:5)
  2 Killer Klowns (Zot:5)
  A curse toe (Zot:4)
  5 caustic shrikes (Depths:3)
  6 golden dragons
  A bone dragon (Depths:5)
  Jory (Vaults:5)
  Arachne (Spider:2)
  3 electric golems
  2 Brimstone Fiends
  Jorgrun (D:13)
  Rupert (Lair:4)
  15 tentacled monstrosities
  25 Orb Guardians (Zot:5)
  8 liches
  3 titans
  3 quicksilver dragons
  Polyphemus (Shoals:2)
  2 krakens
  7 sphinxes
  3 death cobs
  3 tentacled starspawn (Abyss:3)
  Frances (Spider:1)
  Kirke (D:15)
  Donald (Spider:1)
  A draconian monk (Zot:5)
  Ilsuiw (Shoals:3)
  7 storm dragons
  9 shadow dragons
  10 tengu reavers
  3 iron dragons
  2 balrugs
  8 frost giants
  16 vault wardens
  3 draconian scorchers
  A draconian knight (Zot:2)
  5 deep elf sorcerers
  5 fire giants
  4 ghost moths
  Aizul (Shoals:2)
  4 draconian shifters
  Louise (Shoals:3)
  3 war gargoyles (Vaults:5)
  2 cacodemons
  An emperor scorpion (Spider:4)
  6 draconian stormcallers
  5 spriggan defenders
  15 ironheart preservers
  5 entropy weavers
  4 vampire knights
  19 very ugly things
  4 deep elf annihilators
  25 stone giants
  8 green draconians
  3 deep elf demonologists
  A dire elephant (Lair:6)
  A lorocyproca (Depths:5)
  3 black draconians
  5 red draconians
  3 spark wasps
  5 yellow draconians
  Azrael (D:15)
  3 purple draconians
  6 white draconians
  Snorg (Lair:4)
  4 merfolk javelineers
  2 deep elf death magi
  Josephine (Orc:1)
  A blizzard demon (D:5)
  12 ettins
  8 merfolk impalers
  25 yaktaur captains
  12 fire dragons
  2 deep elf high priests (Vaults:5)
  12 great orbs of eyes
  5 rakshasas
  7 hydras
  A hell beast (Depths:2)
  A caustic shrike simulacrum (Depths:3)
  11 ice dragons
  4 merfolk avatars
  5 spriggan air magi
  36 vault guards
  An alligator snapping turtle (shapeshifter) (Depths:4)
  An anaconda (shapeshifter) (Vaults:3)
  20 two-headed ogres
  A death knight (Vaults:2)
  A catoblepas (Shoals:2)
  A satyr (shapeshifter) (Depths:3)
  5 death yaks
  4 merfolk aquamancers
  10 centaur warriors
  A vampire mage (Depths:3)
  13 deep troll earth magi
  12 deep troll shamans
  An alligator (shapeshifter) (Vaults:5)
  6 ogre magi
  Urug (Orc:1)
  3 spriggan berserkers
  A tengu warrior (Depths:4)
  3 thrashing horrors (Abyss:3)
  4 sun demons
  Nergalle (D:10)
  7 hell knights (Depths:2)
  6 deep elf knights
  A sixfirhy (Abyss:3)
  4 skeletal warriors (D:14)
  A fire crab (shapeshifter) (D:15)
  3 iron trolls
  3 shadow wraiths
  A golden dragon zombie (Depths:3)
  2 unseen horrors (D:15)
  A deep troll (shapeshifter) (Depths:3)
  2 flayed ghosts
  8 sea snakes
  2 infernal demonspawn
  2 glowing orange brains (Depths:1)
  20 deep trolls
  3 deep elf archers
  7 wizards
  A lindwurm (shapeshifter) (D:15)
  A phantasmal warrior (Vaults:5)
  19 ironbrand convokers
  5 necromancers
  Pikel (D:7)
  12 harpies
  13 deep elf magi
  21 orb spiders
  33 wolf spiders
  A fire giant zombie (Vaults:4)
  19 orc knights
  A faun (Shoals:1)
  36 ugly things
  9 cyclopes
  15 manticores
  2 black mambas
  4 centaur zombies
  8 merfolk sirens
  Maurice (D:13)
  14 moths of wrath
  A moth of wrath (shapeshifter) (Vaults:5)
  A salamander (D:15)
  A black mamba (shapeshifter) (D:13)
  An ice statue (IceCv)
  21 vault sentinels
  A stone giant skeleton (Abyss:3)
  4 rust devils
  6 water nymphs
  3 orange demons (Lair:6)
  Maggie (D:6)
  11 spiny frogs
  3 smoke demons
  An eye of devastation (Bailey)
  A torpor snail (Spider:1)
  2 centaur skeletons
  2 gargoyles
  A hellion (Depths:2)
  A rime drake (shapeshifter) (Vaults:1)
  7 freezing wraiths
  A kobold demonologist (D:15)
  A yaktaur (shapeshifter) (Depths:3)
  A tormentor (Depths:1)
  14 demonic crawlers
  3 hellwings
  8 komodo dragons
  4 ice devils
  5 rime drakes
  A komodo dragon (shapeshifter) (Depths:4)
  67 yaktaurs
  4 red devils
  19 merfolk
  3 tengu conjurers
  A queen bee (Orc:1)
  3 meliai (Spider:2)
  2 wind drakes (Shoals:4)
  6 trolls
  32 jumping spiders
  A tengu simulacrum (Depths:3)
  2 large abominations (Abyss:3)
  A blink frog (shapeshifter) (Vaults:3)
  11 hornets
  19 polar bears
  61 slime creatures
  A slime creature (shapeshifter) (Depths:5)
  3 blink frogs (Lair:6)
  5 dream sheep
  A meliai zombie (D:13)
  10 snapping turtles
  4 raiju (Abyss:3)
  Sigmund (D:6)
  6 hippogriffs
  A human simulacrum (Vaults:2)
  27 tarantellas
  61 redbacks
  7 water elementals
  11 starcursed masses (Abyss:3)
  An orc simulacrum (Vaults:1)
  4 hogs (D:15)
  2 spriggans
  2 ynoxinuls
  2 wyverns
  18 humans
  6 wraiths
  4 fire elementals (D:15)
  35 yaks
  A wyvern (shapeshifter) (Depths:3)
  5 hungry ghosts
  4 basilisks
  A hog (shapeshifter) (Depths:4)
  A basilisk (shapeshifter) (Depths:1)
  A golden eye (Zot:4)
  3 neqoxecs
  A chaos spawn (Abyss:3)
  2 steam dragons
  10 wargs
  2 acid dragons
  A warg (shapeshifter) (Vaults:1)
  A deep troll skeleton (Vaults:4)
  10 water moccasins
  8 porcupines
  5 hell hounds
  2 floating eyes
  A floating eye (shapeshifter) (Depths:3)
  2 slaves (D:7)
  9 ice beasts
  51 orc warriors
  A phantom (D:3)
  3 black bears
  2 sky beasts
  10 eyes of draining
  2 necrophages
  17 ogres
  36 wolves
  18 centaurs
  A wolf (shapeshifter) (Vaults:4)
  10 crocodiles
  2 human zombies (Vaults:4)
  7 big kobolds
  24 bullfrogs
  A wyvern skeleton (D:14)
  A scorpion (shapeshifter) (Vaults:4)
  11 scorpions
  33 killer bees
  2 wights (D:14)
  3 howler monkeys
  4 electric eels
  9 crimson imps
  A bullfrog zombie (D:10)
  A quasit (D:9)
  A wyvern simulacrum (D:13)
  2 yaktaur simulacra
  7 jellies
  10 orc priests
  9 hounds
  19 orc wizards
  4 bullfrog skeletons
  2 iron imps (Depths:4)
  5 iguanas
  12 worker ants
  A hound skeleton (D:11)
  A hound zombie (D:6)
  2 worker ant zombies
  4 gnolls (D:5)
  10 adders
  A howler monkey skeleton (D:6)
  7 shadow imps
  2 white imps
  6 ufetubi
  7 oozes
  2 adder skeletons
  3 worms
  4 dart slugs
  3 leopard geckos
  109 orcs
  6 giant cockroaches
  15 goblins
  11 hobgoblins
  14 jackals
  5 quokkas
  A ball python (D:1)
  19 bats
  13 frilled lizards
  27 kobolds
  8 rats
  2 fungi (Lair:4)
  4 starspawn tentacles (Abyss:3)
  6 tentacles
2085 creatures vanquished.

Vanquished Creatures (others)
  A fire giant (Depths:3)
  A draconian shifter (Depths:5)
  A very ugly thing (Depths:4)
  2 ettins
  A merfolk impaler (Shoals:4)
  Fannar (Orc:1)
  A yaktaur captain (Depths:5)
  2 vault guards
  A centaur warrior (Depths:4)
  A spriggan (Depths:3)
  A wretched star (Abyss:3)
  A flayed ghost (Depths:4)
  An unseen horror (D:15)
  An ugly thing (D:15)
  3 wolf spiders
  A manticore (D:15)
  3 spiny frogs
  A rime drake (Lair:5)
  A komodo dragon (Lair:1)
  2 yaktaurs
  A demonic crawler (Spider:3)
  A troll (shapeshifter) (Depths:3)
  A troll (Vaults:5)
  A hornet (Depths:3)
  A polar bear (IceCv)
  A slime creature (Depths:2)
  A hippogriff (Lair:6)
  A centaur simulacrum (D:15)
  3 tarantellas
  A wyvern (D:11)
  A hog (D:15)
  An orc warrior (Orc:2)
  A slave (D:7)
  A wolf (Lair:6)
  An ogre (Vaults:5)
  4 centaurs
  A crocodile (D:15)
  A wight (D:14)
  A howler monkey (D:14)
  An orc priest (Orc:2)
  A white imp (D:13)
  7 orcs
  3 kobolds
  12 fungi
  14 plants
  7 starspawn tentacles (Abyss:3)
  9 tentacles
  7 toadstools (D:5)
112 creatures vanquished.

Grand Total: 2197 creatures vanquished

Notes
Turn   | Place    | Note
-------+----------+-------------------------------------------
     0 | D:1      | EnegeticOcto the Barachi Enchanter began the quest for the
                  | Orb.
     0 | D:1      | Reached XP level 1. HP: 13/13 MP: 3/3
    85 | D:1      | Reached skill level 1 in Fighting
   506 | D:1      | Reached XP level 2. HP: 22/22 MP: 5/5
   515 | D:1      | Reached skill level 2 in Fighting
  1063 | D:1      | Reached skill level 3 in Fighting
  1073 | D:1      | Reached XP level 3. HP: 14/29 MP: 6/6
  1906 | D:2      | Reached skill level 4 in Fighting
  2144 | D:2      | Reached XP level 4. HP: 33/37 MP: 7/7
  2166 | D:2      | Found a hide-covered altar of Uskayaw.
  2898 | D:2      | Found a shimmering blue altar of Sif Muna.
  3258 | D:3      | Reached skill level 3 in Stealth
  3316 | D:3      | Found a stormy altar of Qazlal.
  3662 | D:3      | Reached skill level 2 in Short Blades
  3819 | D:3      | Reached XP level 5. HP: 39/43 MP: 8/8
  4016 | D:4      | Noticed a phantom
  4109 | D:4      | Reached skill level 1 in Shields
  4281 | D:4      | Reached skill level 3 in Short Blades
  4281 | D:4      | Reached skill level 2 in Shields
  4281 | D:4      | Reached XP level 6. HP: 42/49 MP: 9/9
  4756 | D:4      | Reached skill level 4 in Stealth
  4913 | D:5      | Entered Level 5 of the Dungeon
  4913 | D:5      | Found the +3 salamander hide armour {+Rage rF++}
  5033 | D:4      | Reached skill level 3 in Shields
  5319 | D:5      | Reached XP level 7. HP: 51/55 MP: 10/10
  5439 | D:5      | Reached skill level 4 in Short Blades
  5439 | D:5      | Reached skill level 1 in Evocations
  5567 | D:5      | Reached skill level 2 in Evocations
  5814 | D:5      | Noticed a slime creature
  5814 | D:5      | Noticed a slime creature
  5859 | D:5      | Found a sacrificial altar of Ru.
  5916 | D:5      | Became a worshipper of Ru the Awakened
  5931 | D:5      | Found a shadowy altar of Dithmenos.
  5974 | D:5      | Reached skill level 5 in Stealth
  5974 | D:5      | Reached skill level 4 in Shields
  6191 | D:5      | Reached XP level 8. HP: 60/61 MP: 11/11
  6791 | D:5      | Reached skill level 5 in Short Blades
  6791 | D:5      | Reached skill level 3 in Evocations
  6979 | D:5      | Killed a slime creature
  7017 | D:5      | Noticed a slime creature
  7037 | D:5      | Killed a slime creature
  7037 | D:5      | Reached skill level 5 in Shields
  7037 | D:5      | Reached skill level 4 in Evocations
  7047 | D:5      | Killed a slime creature
  7047 | D:5      | Reached skill level 6 in Stealth
  7244 | D:6      | Reached skill level 6 in Short Blades
  7253 | D:6      | Reached XP level 9. HP: 58/66 MP: 12/12
  7507 | D:6      | Reached skill level 6 in Shields
  7773 | D:6      | Gained mutation: You are somewhat inexperienced. (-2 XL)
                  | [Ru sacrifice]
  7773 | D:6      | Reached XP level 8. HP: 61/61 MP: 11/11
  7773 | D:6      | Reached XP level 7. HP: 55/55 MP: 10/10
  7773 | D:6      | Reached * piety under Ru
  7773 | D:6      | Reached ** piety under Ru
  7807 | D:6      | Reached skill level 5 in Evocations
  7832 | D:6      | Found a radiant altar of Vehumet.
  7846 | D:6      | Noticed Sigmund
  7858 | D:6      | Killed Sigmund
  8014 | D:6      | Noticed Maggie
  8033 | D:6      | Killed Maggie
  8033 | D:6      | Reached skill level 7 in Short Blades
  8033 | D:6      | Reached XP level 8. HP: 61/61 MP: 9/12
  8176 | D:6      | Found a runed translucent door.
  8177 | D:6      | Noticed Crazy Yiuf
  8337 | D:7      | Found a sparkling altar of Nemelex Xobeh.
  8358 | D:7      | Reached skill level 1 in Long Blades
  8358 | D:7      | Reached skill level 7 in Shields
  8358 | D:7      | Reached skill level 6 in Evocations
  8426 | D:7      | Found Qeoca's General Store.
  8438 | D:7      | Bought a scroll of blinking for 90 gold pieces
  8438 | D:7      | Bought a potion of curing for 36 gold pieces
  8438 | D:7      | Bought a scroll of teleportation for 36 gold pieces
  8457 | D:7      | Found Icisef's Jewellery Boutique.
  8468 | D:7      | Reached skill level 2 in Long Blades
  8681 | D:7      | Found Umuwna Zuipn's Armour Boutique.
  8729 | D:7      | Noticed Pikel
  9345 | D:7      | Reached skill level 3 in Long Blades
  9393 | D:7      | Found Kulooz's Gadget Shop.
  9554 | D:7      | Found a staircase to the Ecumenical Temple.
  9571 | D:7      | Found a blossoming altar of Fedhas.
  9584 | D:7      | Reached XP level 9. HP: 63/66 MP: 13/13
  9630 | D:7      | Reached skill level 4 in Long Blades
  9630 | D:7      | Reached skill level 8 in Shields
  9793 | D:7      | Killed Pikel
  9793 | D:7      | Reached skill level 5 in Long Blades
  9961 | D:7      | Found Diam's Book Boutique.
 10198 | D:8      | Found a burning altar of Makhleb.
 10538 | D:8      | Reached skill level 9 in Shields
 10553 | D:8      | Gained mutation: You cannot read scrolls while threatened.
                  | [Ru sacrifice]
 10553 | D:8      | Reached *** piety under Ru
 10584 | D:8      | Reached skill level 6 in Long Blades
 10864 | D:8      | Found a white marble altar of Elyvilon.
 10977 | D:8      | Found a basalt altar of Yredelemnul.
 11141 | D:8      | Reached XP level 10. HP: 64/73 MP: 14/14
 11203 | D:8      | Found a snail-covered altar of Cheibriados.
 11347 | D:8      | Found an ancient bone altar of Kikubaaqudgha.
 11488 | D:9      | Reached skill level 7 in Long Blades
 11879 | D:9      | Reached skill level 10 in Shields
 12091 | D:9      | Reached skill level 8 in Long Blades
 12178 | D:9      | Found a runed translucent gate.
 12178 | D:9      | Found a runed translucent gate.
 12178 | D:9      | Found a runed translucent gate.
 12179 | D:9      | Noticed Beibim's ghost (novice VSAs)
 12297 | D:9      | Found an ornate altar of the Wu Jian Council.
 12659 | D:10     | Entered Level 10 of the Dungeon
 12763 | D:10     | Gained mutation: You cannot drink potions while threatened.
                  | [Ru sacrifice]
 12763 | D:10     | Reached **** piety under Ru
 12763 | D:10     | Reached ***** piety under Ru
 13636 | D:10     | Noticed Nergalle
 13640 | D:10     | Killed Nergalle
 13640 | D:10     | Reached skill level 9 in Long Blades
 13640 | D:10     | Reached skill level 11 in Shields
 14160 | D:11     | Found a staircase to the Orcish Mines.
 14214 | D:11     | Reached XP level 11. HP: 55/77 MP: 15/15
 14230 | D:11     | Found a flagged portal.
 14313 | Bailey   | Entered a bailey
 14401 | Bailey   | Reached skill level 1 in Armour
 14615 | Bailey   | Noticed an orc knight
 14617 | Bailey   | Noticed an orc knight
 14619 | Bailey   | Noticed an orc knight
 14622 | Bailey   | Killed an orc knight
 14622 | Bailey   | Killed an orc knight
 14622 | Bailey   | Reached skill level 5 in Fighting
 14622 | Bailey   | Reached skill level 2 in Armour
 14622 | Bailey   | Reached skill level 3 in Dodging
 14622 | Bailey   | Killed an orc knight
 14622 | Bailey   | Noticed an orc knight
 14690 | Bailey   | an orc knight changed into an eye of devastation
 14738 | Bailey   | Noticed an orc knight
 14752 | Bailey   | Killed an orc knight
 14908 | Bailey   | Reached skill level 10 in Long Blades
 15129 | D:11     | Found a staircase to the Lair.
 15138 | D:11     | Reached skill level 3 in Armour
 15157 | D:11     | Reached skill level 4 in Dodging
 15403 | D:11     | Gained mutation: You are missing an eye, making it more
                  | difficult to aim. [Ru sacrifice]
 15406 | D:11     | Got a scorched chain mail
 15416 | D:11     | Noticed a green ugly thing
 15426 | D:11     | Killed a brown ugly thing
 15549 | D:11     | Reached skill level 6 in Fighting
 15574 | D:11     | Reached skill level 7 in Evocations
 16005 | Lair:1   | Entered Level 1 of the Lair of Beasts
 16214 | Lair:1   | Reached skill level 4 in Armour
 17093 | Lair:2   | Reached XP level 12. HP: 31/88 MP: 17/17
 17105 | Lair:2   | Reached skill level 5 in Dodging
 17106 | Lair:2   | Gained mutation: You are hated by all. [Ru sacrifice]
 17106 | Lair:2   | Reached ****** piety under Ru
 17800 | Lair:2   | Identified the cursed +0 chain mail "Forget-Me-Not" {+Inv
                  | rF+ MR-} (You found it on level 11 of the Dungeon)
 17955 | Lair:2   | Found a hole to the Spider Nest.
 17964 | Lair:2   | Reached skill level 5 in Armour
 18350 | Lair:3   | Noticed a six-headed hydra
 18366 | Lair:3   | Killed a one-headed hydra
 18366 | Lair:3   | Reached skill level 7 in Fighting
 18923 | Lair:3   | Reached skill level 12 in Shields
 19358 | Lair:3   | Found a staircase to the Shoals.
 19384 | Lair:3   | Reached skill level 8 in Evocations
 19614 | Lair:3   | Noticed a six-headed hydra
 19621 | Lair:3   | Killed a two-headed hydra
 19621 | Lair:3   | Reached skill level 11 in Long Blades
 19633 | Lair:3   | Got an ancient short sword
 20161 | Lair:4   | Reached skill level 6 in Dodging
 20175 | Lair:4   | Reached skill level 6 in Armour
 20278 | Lair:4   | Noticed Rupert
 20284 | Lair:4   | Noticed Nessos
 20326 | Lair:4   | Noticed an eight-headed hydra
 20327 | Lair:4   | Killed an eight-headed hydra
 20329 | Lair:4   | Killed Rupert
 20329 | Lair:4   | Reached skill level 8 in Fighting
 20329 | Lair:4   | Gained mutation: You can hop long distances. [Barachi
                  | growth]
 20329 | Lair:4   | Reached XP level 13. HP: 97/97 MP: 10/19
 20330 | Lair:4   | Noticed Nessos
 20330 | Lair:4   | Nessos changed into Nessos the jumping spider
 20335 | Lair:4   | Killed Nessos the jumping spider
 20345 | Lair:4   | Noticed Snorg
 20356 | Lair:4   | Killed Snorg
 20436 | Lair:4   | Reached skill level 7 in Armour
 20698 | Lair:4   | You fall into a shaft and drop 2 floors!
 20698 | Lair:6   | Entered Level 6 of the Lair of Beasts
 20744 | Lair:5   | Reached skill level 7 in Dodging
 20961 | Lair:5   | Found a frozen archway.
 20997 | IceCv    | Entered an ice cave
 21014 | IceCv    | Reached skill level 9 in Evocations
 21978 | IceCv    | Reached skill level 9 in Fighting
 22444 | IceCv    | Reached skill level 12 in Long Blades
 22505 | IceCv    | Noticed a frost giant
 22506 | IceCv    | Reached skill level 8 in Armour
 22520 | IceCv    | Killed a frost giant
 22520 | IceCv    | Reached skill level 8 in Dodging
 22520 | IceCv    | Reached skill level 13 in Shields
 22723 | IceCv    | Got a wavering steel ring
 23494 | D:7      | Bought the ring "Adiqoak Hifo" {MR+ Dex+3 Slay+5} for 711
                  | gold pieces
 24154 | Lair:6   | Reached XP level 14. HP: 109/109 MP: 21/21
 24169 | Lair:6   | Reached skill level 10 in Fighting
 24169 | Lair:6   | Reached skill level 10 in Evocations
 24204 | Lair:6   | Identified the ring "Lorays" {+Inv Str+6 Dex+2} (You found
                  | it in an ice cave)
 24982 | Lair:6   | Reached skill level 13 in Long Blades
 25074 | Lair:6   | Found a viscous altar of Jiyva.
 25075 | Lair:6   | Found a staircase to the Slime Pits.
 25221 | Lair:6   | Found a burning altar of Makhleb.
 25224 | Lair:6   | Reached skill level 14 in Shields
 25226 | Lair:6   | Found a gateway to Hell.
 25338 | Lair:6   | Noticed a dire elephant
 25348 | Lair:6   | Killed a dire elephant
 25693 | Orc:1    | Entered Level 1 of the Orcish Mines
 25920 | Orc:2    | Entered Level 2 of the Orcish Mines
 25920 | Orc:2    | Found a radiant altar of Vehumet.
 26344 | Orc:2    | Found Nonud's Jewellery Emporium.
 26344 | Orc:2    | Found Jytselo's Distillery.
 26728 | Orc:2    | Found Ygariach's Food Shop.
 26733 | Orc:2    | Found Xuil's Antique Weapon Shoppe.
 26795 | Orc:2    | Found a staircase to the Elven Halls.
 26932 | Orc:2    | Reached skill level 15 in Shields
 27120 | Orc:1    | Noticed Fannar
 27134 | Orc:1    | Killed Fannar
 27155 | Orc:1    | Noticed a stone giant
 27159 | Orc:1    | Killed a stone giant
 27177 | Orc:1    | Noticed Urug
 27187 | Orc:1    | Killed Urug
 27217 | Orc:1    | Noticed Josephine
 27246 | Orc:1    | Killed Josephine
 27774 | Orc:2    | Bought the ring "Uxkaa" {*Slow rPois rF+ rC+ MR+} for 604
                  | gold pieces
 28701 | D:13     | Found a gate to the Vaults.
 28707 | D:12     | Reached skill level 16 in Shields
 28796 | D:12     | Reached XP level 15. HP: 106/115 MP: 22/22
 29207 | D:13     | Noticed Jorgrun
 29229 | D:13     | Killed Jorgrun
 29229 | D:13     | Reached skill level 17 in Shields
 29379 | D:13     | Noticed Maurice
 29390 | D:13     | Killed Maurice
 30215 | D:13     | Identified a scroll of acquirement
 30216 | D:13     | Got the +2 cloak of Ashenzari's Esteem {Str+4 Dex+7}
 30418 | D:14     | Reached skill level 18 in Shields
 30919 | D:14     | Found a portal to a secret trove of treasure.
 31322 | D:15     | Entered Level 15 of the Dungeon
 31495 | D:15     | Noticed Azrael
 31518 | D:15     | Killed Azrael
 31839 | D:15     | Noticed Kirke
 31869 | D:15     | Killed Kirke
 32233 | D:15     | Reached XP level 16. HP: 123/123 MP: 23/23
 32249 | D:15     | Found a staircase to the Depths.
 33138 | D:7      | Bought a tin of tremorstones (3/3) for 600 gold pieces
 33360 | Shoals:1 | Entered Level 1 of the Shoals
 33791 | Shoals:1 | Reached skill level 9 in Armour
 34081 | Shoals:1 | Got the +12 demon blade of the Little People {venom, rPois
                  | MR+ Str-5 Dex+2}
 34126 | Shoals:1 | Reached skill level 9 in Dodging
 34589 | Shoals:2 | Noticed Aizul
 34606 | Shoals:2 | Killed Aizul
 34724 | Shoals:2 | Noticed a kraken
 34743 | Shoals:2 | Killed a kraken
 34825 | Shoals:2 | Reached skill level 11 in Fighting
 35004 | Shoals:2 | Noticed Polyphemus
 35040 | Shoals:2 | Reached skill level 14 in Long Blades
 35053 | Shoals:2 | Killed Polyphemus
 35061 | Shoals:2 | Found a runed translucent gate.
 35061 | Shoals:2 | Found a runed translucent gate.
 35061 | Shoals:2 | Found a runed translucent gate.
 35062 | Shoals:2 | Noticed Lianjan's ghost (adept MiGl)
 35305 | Shoals:3 | Noticed Roxanne
 35348 | Shoals:3 | Reached skill level 11 in Evocations
 35408 | Shoals:3 | Noticed Ilsuiw
 35411 | Shoals:3 | Found Joasot's Assorted Antiques.
 35480 | Shoals:3 | Killed Ilsuiw
 35497 | Shoals:3 | Noticed Louise
 35525 | Shoals:3 | Killed Louise
 35702 | Shoals:3 | Got a clouded copper ring
 35838 | Shoals:3 | Bought a scroll of identify for 74 gold pieces
 35838 | Shoals:3 | Bought a scroll of identify for 74 gold pieces
 35838 | Shoals:3 | Bought a scroll of blinking for 277 gold pieces
 35838 | Shoals:3 | Bought a potion of heal wounds for 185 gold pieces
 35838 | Shoals:3 | Identified the ring "Qeimoklu" {*Tele rF+ MR+ Str+4 Dex+4}
                  | (You found it on level 3 of the Shoals)
 35906 | Shoals:3 | Got a smoking lead amulet
 36371 | D:7      | Bought a scroll of identify for 24 gold pieces
 36371 | D:7      | Identified the amulet "Gicel" {Spirit Dex+2} (You found it
                  | on level 3 of the Shoals)
 36684 | Shoals:4 | Entered Level 4 of the Shoals
 36839 | Spider:1 | Entered Level 1 of the Spider Nest
 36839 | Spider:1 | Noticed Donald
 36851 | Spider:1 | Killed Donald
 36865 | Spider:1 | Noticed Frances
 36878 | Spider:1 | Killed Frances
 36878 | Spider:1 | Reached skill level 1 in Throwing
 37051 | Spider:1 | Reached skill level 19 in Shields
 37115 | Spider:1 | Reached skill level 10 in Armour
 37183 | Lair:2   | Reached skill level 2 in Throwing
 37470 | Spider:1 | Reached XP level 17. HP: 122/132 MP: 25/25
 37681 | Spider:1 | You fall into a shaft and drop 1 floor!
 37682 | Spider:2 | Noticed Arachne
 37690 | Spider:2 | Killed Arachne
 37698 | Spider:2 | Reached skill level 10 in Dodging
 37724 | Spider:2 | Reached skill level 3 in Throwing
 38071 | Spider:2 | Reached skill level 6 in Throwing
 38071 | Spider:2 | Reached XP level 18. HP: 140/140 MP: 26/26
 38201 | Spider:3 | Reached skill level 12 in Fighting
 38731 | Spider:3 | Identified the +7 short sword "Qoanudao" {vorpal, Int+6}
                  | (You found it on level 3 of the Lair of Beasts)
 39123 | Spider:4 | Entered Level 4 of the Spider Nest
 39151 | Spider:4 | Reached skill level 12 in Evocations
 39287 | Spider:4 | Reached skill level 11 in Armour
 39405 | Spider:4 | Noticed Mara
 39414 | Spider:4 | Noticed EnegeticOcto's illusion
 39423 | Spider:4 | Killed Mara
 39423 | Spider:4 | Reached skill level 15 in Long Blades
 39423 | Spider:4 | Reached skill level 7 in Throwing
 40220 | Spider:4 | Reached XP level 19. HP: 148/148 MP: 4/28
 40240 | Spider:4 | Reached skill level 11 in Dodging
 40524 | Spider:4 | Got a gossamer rune of Zot
 40904 | Shoals:4 | Found a hide-covered altar of Uskayaw.
 41267 | Shoals:4 | Got a barnacled rune of Zot
 41588 | Shoals:4 | Reached skill level 13 in Fighting
 41618 | Shoals:4 | Reached skill level 8 in Throwing
 42315 | Shoals:4 | Reached skill level 12 in Armour
 42653 | Shoals:4 | Found the +8 arc blade {discharge, rElec}
 43025 | Vaults:1 | Entered Level 1 of the Vaults
 43197 | Vaults:1 | Reached skill level 13 in Evocations
 43508 | Vaults:1 | Reached skill level 8 in Short Blades
 43571 | Vaults:1 | Reached skill level 9 in Throwing
 43934 | Vaults:1 | Reached skill level 20 in Shields
 44317 | Vaults:1 | Reached XP level 20. HP: 112/158 MP: 30/30
 44928 | Vaults:1 | Reached skill level 14 in Fighting
 45564 | Vaults:2 | Reached skill level 9 in Short Blades
 46601 | Vaults:3 | Found a staircase to the Crypt.
 46601 | Vaults:3 | Found a basalt altar of Yredelemnul.
 46602 | Vaults:3 | Found an ancient bone altar of Kikubaaqudgha.
 46807 | Vaults:3 | Reached skill level 10 in Throwing
 46807 | Vaults:3 | Reached skill level 13 in Armour
 46817 | Vaults:3 | Reached skill level 14 in Evocations
 47390 | Vaults:3 | Found Masazxel's Antique Weapon Shoppe.
 47885 | Vaults:3 | Reached XP level 21. HP: 166/166 MP: 31/31
 48085 | Vaults:4 | Reached skill level 10 in Short Blades
 48363 | Vaults:4 | Reached skill level 14 in Armour
 48664 | Vaults:4 | Reached skill level 15 in Fighting
 49893 | Depths:1 | Entered Level 1 of the Depths
 50075 | Depths:1 | Reached skill level 11 in Throwing
 50148 | Depths:1 | Found a glowing silver altar of Zin.
 50244 | Depths:1 | Reached skill level 15 in Armour
 50501 | Depths:1 | Identified the +6 chain mail of Pivvaketz {*Drain *Slow
                  | Slay+5 Stlth+} (You found it on level 1 of the Depths)
 50880 | Depths:1 | Found a one-way gate to the infinite horrors of the Abyss.
 50882 | Depths:1 | Identified the cursed +0 cloak "Cibowkuj" {rElec rN+ Int+3}
                  | (You found it on level 1 of the Depths)
 50911 | Depths:1 | Found a one-way gate leading to the halls of Pandemonium.
 51200 | Depths:1 | Reached skill level 11 in Short Blades
 51655 | Depths:2 | Reached XP level 22. HP: 162/176 MP: 33/33
 51714 | Depths:2 | Reached skill level 15 in Evocations
 51733 | Depths:2 | Identified the ring "Ujiet" {rPois Str+6} (You found it on
                  | level 2 of the Depths)
 52649 | Depths:2 | Reached skill level 21 in Shields
 53000 | Depths:3 | Cast into level 3 of the Abyss (a lich)
 53100 | Abyss:3  | Reached skill level 16 in Armour
 53199 | Abyss:3  | Paralysed by a lich for 6 turns
 53228 | Depths:3 | Escaped the Abyss
 53258 | Depths:3 | Reached skill level 16 in Fighting
 53805 | Depths:3 | Reached skill level 12 in Throwing
 54347 | Depths:3 | Reached skill level 17 in Armour
 54695 | Depths:3 | Noticed a caustic shrike
 54695 | Depths:3 | Noticed a caustic shrike
 54696 | Depths:3 | Noticed a caustic shrike
 54696 | Depths:3 | Noticed a caustic shrike
 54708 | Depths:3 | Killed a caustic shrike
 54717 | Depths:3 | Noticed a caustic shrike
 54720 | Depths:3 | Killed a caustic shrike
 54727 | Depths:3 | Killed a caustic shrike
 54734 | Depths:3 | Killed a caustic shrike
 54739 | Depths:3 | Killed a caustic shrike
 54739 | Depths:3 | Reached XP level 23. HP: 155/186 MP: 34/34
 54996 | D:14     | You paid a toll of 2 scrolls of acquirement to enter a
                  | treasure trove
 54997 | Trove    | Entered a treasure trove
 55007 | Trove    | Got a slimy lapis lazuli ring
 55008 | Trove    | Identified the ring of Joumpim {rN+ Dex+3} (You found it in
                  | a treasure trove)
 55013 | Trove    | Got a smoking steel ring
 55014 | Trove    | Identified the ring of Henotheism {rC+ Dex+5} (You found it
                  | in a treasure trove)
 55018 | Trove    | Got a clouded ivory ring
 55019 | Trove    | Identified the ring "Fomal" {Fire MP+9} (You found it in a
                  | treasure trove)
 55037 | Trove    | Got a steaming granite ring
 55038 | Trove    | Identified the ring "Foos Ire" {+Blink rPois MR+ rCorr
                  | Str-3} (You found it in a treasure trove)
 55043 | Trove    | Got a bound tin ring
 55044 | Trove    | Identified the ring "Sih Guphoame" {rPois rF- Str+6 Int+4}
                  | (You found it in a treasure trove)
 55047 | Trove    | Got a scorched tin ring
 55048 | Trove    | Identified the ring "Dis Agof" {EV+4 Str+7 Int+4} (You
                  | found it in a treasure trove)
 55243 | Depths:3 | Noticed a golden dragon
 55273 | Depths:3 | Killed a golden dragon
 55275 | Depths:3 | Noticed a juggernaut
 55301 | Depths:3 | Killed a juggernaut
 55301 | Depths:3 | Reached skill level 18 in Armour
 55395 | Depths:3 | Paralysed by a floating eye for 2 turns
 55508 | Depths:3 | Identified the Almanac of the Feathery Frostbite
 55513 | Depths:3 | Identified the Compendium of Venomous Unholy Arts
 55622 | Depths:3 | Reached skill level 17 in Fighting
 56015 | Depths:4 | Reached skill level 13 in Throwing
 56703 | Depths:4 | Reached skill level 19 in Armour
 57372 | Depths:4 | Reached skill level 22 in Shields
 57472 | Depths:4 | Gained mutation: Your spells are a little harder to cast,
                  | but a little more powerful. [a cacodemon]
 57484 | Depths:4 | Gained mutation: Armour fits poorly on your strangely
                  | shaped body. [a cacodemon]
 57512 | Depths:4 | Lost mutation: Armour fits poorly on your strangely shaped
                  | body. [potion of mutation]
 57512 | Depths:4 | Lost mutation: Your spells are a little harder to cast, but
                  | a little more powerful. [potion of mutation]
 57512 | Depths:4 | Gained mutation: You evolve. [potion of mutation]
 57512 | Depths:4 | Gained mutation: You have a pair of small horns on your
                  | head. [potion of mutation]
 57983 | Depths:5 | Entered Level 5 of the Depths
 57999 | Depths:5 | Found a glowing golden altar of the Shining One.
 58000 | Depths:5 | Noticed a juggernaut
 58016 | Depths:5 | Killed a juggernaut
 58016 | Depths:5 | Reached XP level 24. HP: 190/196 MP: 34/34
 58824 | Depths:5 | Found a gateway to a ziggurat.
 58854 | Depths:5 | Gained mutation: Scrolls take you a little longer to read.
                  | [evolution]
 59099 | Depths:5 | Reached skill level 18 in Fighting
 59566 | Depths:5 | Reached skill level 20 in Armour
 59616 | Depths:5 | Found a gate to the Realm of Zot.
 59853 | Depths:5 | Identified the +7 plate armour "Bexagynn" {Regen+} (You
                  | found it on level 5 of the Depths)
 60446 | Vaults:5 | Entered Level 5 of the Vaults
 60456 | Vaults:5 | Reached skill level 14 in Throwing
 61171 | Vaults:5 | Identified the cursed +1 robe of the Cobbler {rPois Dex+7
                  | SInv}
 61171 | Vaults:5 | Identified the ring of Soubam {+Fly rC+}
 61190 | Vaults:5 | Noticed Jory
 61200 | Vaults:5 | Reached skill level 21 in Armour
 61213 | Vaults:5 | Killed Jory
 61213 | Vaults:5 | Reached XP level 25. HP: 36/206 MP: 28/34
 62132 | Vaults:5 | Identified the cursed +0 double sword "Jime" {venom, MR+}
 62221 | Vaults:5 | Reached skill level 19 in Fighting
 62615 | Vaults:5 | Reached skill level 15 in Throwing
 63072 | Vaults:5 | Gained mutation: Your movements are slightly less
                  | encumbered by armour. (ER -2) [evolution]
 63125 | Vaults:5 | Reached skill level 23 in Shields
 63127 | Vaults:5 | Reached skill level 22 in Armour
 63689 | Vaults:5 | Identified the +0 pair of gloves of Articulation {*Corrode
                  | rPois Str+7} (You found it on level 5 of the Vaults)
 63844 | Vaults:5 | Got a silver rune of Zot
 64716 | Zot:1    | Entered Level 1 of the Realm of Zot
 65776 | Zot:3    | Noticed an orb of fire
 65787 | Zot:3    | Gained mutation: You occasionally shout uncontrollably at
                  | your foes. [an orb of fire]
 65791 | Zot:3    | Gained mutation: You are resistant to electric shocks.
                  | (rElec) [an orb of fire]
 65794 | Zot:3    | Killed an orb of fire
 66243 | Zot:3    | Reached skill level 23 in Armour
 66890 | Zot:4    | Reached skill level 20 in Fighting
 66927 | Zot:5    | Entered Level 5 of the Realm of Zot
 66949 | Zot:5    | Reached skill level 16 in Throwing
 67470 | Zot:5    | Reached skill level 24 in Armour
 67474 | Zot:5    | Noticed an orb of fire
 67480 | Zot:5    | Noticed an ancient lich
 67484 | Zot:5    | Killed an ancient lich
 67485 | Zot:5    | Gained mutation: Potions are less effective at restoring
                  | your health. [an orb of fire]
 67491 | Zot:5    | Killed an orb of fire
 67491 | Zot:5    | Noticed a Killer Klown
 67501 | Zot:5    | Killed a Killer Klown
 67520 | Zot:5    | Reached skill level 25 in Armour
 67554 | Zot:5    | Gained mutation: Scrolls take you longer to read.
                  | [evolution]
 67572 | Zot:5    | Noticed an orb of fire
 67578 | Zot:5    | Noticed an orb of fire
 67583 | Zot:5    | Killed an orb of fire
 67587 | Zot:5    | Killed an orb of fire
 67630 | Zot:5    | Noticed an ancient lich
 67633 | Zot:5    | Noticed a Killer Klown
 67633 | Zot:5    | Noticed an ancient lich
 67634 | Zot:5    | Noticed an ancient lich
 67662 | Zot:5    | Killed an ancient lich
 67663 | Zot:5    | Killed an ancient lich
 67678 | Zot:5    | Killed an ancient lich
 67678 | Zot:5    | Reached skill level 26 in Armour
 67683 | Zot:5    | Killed a Killer Klown
 67807 | Zot:5    | Noticed an ancient lich
 67826 | Zot:5    | Killed an ancient lich
 67901 | Zot:5    | Noticed a Killer Klown
 68026 | Zot:5    | Noticed an ancient lich
 68043 | Zot:5    | Killed an ancient lich
 68104 | Zot:5    | Noticed a shard shrike
 68104 | Zot:5    | a Killer Klown changed into a shard shrike
 68112 | Zot:5    | Killed a shard shrike
 68112 | Zot:5    | Reached skill level 27 in Armour
 68140 | Zot:5    | Noticed an ancient lich
 68157 | Zot:5    | Killed an ancient lich
 68348 | Zot:5    | Reached skill level 21 in Fighting
 68590 | Zot:5    | Lost mutation: Scrolls take you longer to read. [potion of
                  | mutation]
 68590 | Zot:5    | Lost mutation: You have a pair of small horns on your head.
                  | [potion of mutation]
 68590 | Zot:5    | Lost mutation: You occasionally shout uncontrollably at
                  | your foes. [potion of mutation]
 68590 | Zot:5    | Gained mutation: You have sharp fingernails. [potion of
                  | mutation]
 68590 | Zot:5    | Gained mutation: Your system is resistant to poisons.
                  | (rPois) [potion of mutation]
 68591 | Zot:5    | Lost mutation: Your movements are slightly less encumbered
                  | by armour. (ER -2) [potion of mutation]
 68591 | Zot:5    | Lost mutation: Scrolls take you a little longer to read.
                  | [potion of mutation]
 68591 | Zot:5    | Gained mutation: You tend to lose your temper in combat.
                  | [potion of mutation]
 68591 | Zot:5    | Gained mutation: You have a pair of small horns on your
                  | head. [potion of mutation]
 68591 | Zot:5    | Lost mutation: You tend to lose your temper in combat.
                  | [potion of mutation]
 68816 | Zot:5    | Got the Orb of Zot
 68858 | Zot:4    | Gained mutation: You are weak. (Str -2) [a cacodemon]
 68916 | Zot:3    | Noticed Pihesu the pandemonium lord
 69497 | D:3      | Noticed Gaxiot the pandemonium lord
 69567 | D:$      | Escaped with the Orb!

Illustrated notes

Levels and vault maps discovered:
D:1:      kennysheep_arrival_forest, layout_loops_ring, minmay_misc_feat_tiny,
          minmay_lizard_king
D:2:      layout_loops_ring, lemuel_doored_altar, led_sif_pool
D:3:      layout_loops_cross, grunt_qazlal_sundering
D:4:      layout_basic, first_ration, serial_bayou, serial_bayou_pond_e,
          serial_bayou_lagoon_a, serial_bayou_ford_a, serial_bayou_pond_a
D:5:      cheibrodos_fertilizer, layout_gridville, lemuel_crystal_altar,
          grunt_dithmenos_smoke_and_mirrors
D:6:      layout_loops_ring, kennysheep_little_box, uniq_crazy_yiuf_cottage,
          uniq_maggie, uniq_sigmund
D:7:      lemuel_ice_spiral_2, layout_basic, fedhas_bush_and_centaur_altar,
          nemelex_xobeh_ov_fountains_minmay, minmay_temple_entry_glassed_door,
          serial_shops, shop, shop, shop, shop, shop, uniq_pikel
D:8:      layout_rooms, old_standard_altar, elyvilon_altar_3,
          old_standard_altar, lemuel_coloured_pillars_altar, basic_altar
D:9:      layout_loops_cross, lemuel_round_altar, ebering_ghost_rock_garden
D:10:     layout_long_grid, uniq_nergalle
D:11:     layout_long_grid, due_lair_maze_entry_diamond,
          minmay_orc_entry_guard_dogs, enter_bailey_3
D:12:     layout_basic, blue_anna_alchemist [blue_anna_fruit_fields,
          blue_anna_fruit_fields]
D:13:     layout_loops_ring, david_vaults_3, serial_ice, serial_ice_d,
          serial_ice_k, serial_ice_m, serial_ice_e, serial_ice_h, serial_ice_b,
          serial_ice_f, serial_ice_a, grunt_ministairs_2, uniq_maurice,
          uniq_jorgrun
D:14:     layout_basic, enter_trove_6
D:15:     hangedman_depths_entry_try_elsewhere_first, layout_cave_pods,
          minmay_tree_intersection, uniq_kirke, uniq_azrael
Lair:1:   layout_chaotic_city, lemuel_old_faithful
Lair:2:   layout_chaotic_city, nicolae_spider_entry_non_spiders,
          serial_bayou_pond_b, grunt_megastairs_3, infiniplex_staircase_pool
Lair:3:   cheibrodos_lair_river_kwai, layout_cave_pods, minmay_shoals_entry_hut,
          roderic_batcave, kennysheep_basilisk_garden
Lair:4:   layout_misc_corridors, grunt_megastairs_1, uniq_rupert, uniq_snorg,
          uniq_nessos
Lair:5:   layout_regular_city, portal_ice_cave_rime
Lair:6:   evil_forest, layout_gridlike, slime_altar_1,
          infiniplex_staircase_pool_2, grunt_megastairs_5
Shoals:1: layout_shoals
Shoals:2: layout_shoals, ebering_ghost_rock_garden, uniq_polyphemus, uniq_aizul
Shoals:3: layout_shoals, serial_shops, shop, uniq_roxanne, uniq_ilsuiw,
          uniq_louise
Shoals:4: shoals_end_grunt_ice, layout_shoals, lemuel_oklob_altar
Spider:1: layout_spider_delve, drop_trap, worms_lemuel,
          hangedman_spider_tarantella_strand, uniq_donald, uniq_frances
Spider:2: layout_spider_delve, uniq_arachne
Spider:3: layout_spider_delve, nicolae_spider_nook
Spider:4: grunt_spider_rune_parallel, uniq_mara
Orc:1:    layout_caves, special_room [special_room_bee], uniq_urug, uniq_fannar,
          uniq_josephine
Orc:2:    st_orc_rangers, layout_caves, basic_altar, lightli_orcish_oven
Vaults:1: vaults_room_corners, v_misc_1, vaults_room_grunt_arrival_ludios,
          v_misc_2, hangedman_vaults_cutoff, nicolae_vaults_network_quinsquares
          [nicolae_vaults_network_quincunx_subvault,
          nicolae_vaults_network_quincunx_subvault,
          nicolae_vaults_network_quincunx_subvault,
          nicolae_vaults_network_quincunx_subvault], ontoclasm_vaults_idyll,
          nicolae_vaults_little_squares_3, layout_vaults_omnibox
Vaults:2: ontoclasm_vaults_ring_small, vaults_room_grid,
          grunt_vaults_hallway_long, vaults_room_grid, v_misc_13,
          vaults_standard_mumra_x, vaults_room_stairs_pillars,
          vaults_room_pools, nicolae_vaults_meeting, v_misc_16,
          vaults_room_grunt_arrival_checkpoint, hangedman_vaults_slice,
          vaults_room_fancy_cross, v_misc_3, v_misc_33, layout_vaults_maze_bifur
Vaults:3: nicolae_vaults_what_the_h, minmay_crypt_entry_necro_gods, v_misc_28,
          v_alt_pattern_4, nicolae_vaults_little_ls, v_misc_18, v_misc_13,
          nicolae_vaults_yaktaur_gun_rack, hangedman_vaults_maws,
          nicolae_vaults_mini_display_case, nicolae_vaults_theta,
          layout_vaults_quadrants, serial_shops, shop
Vaults:4: nicolae_vaults_minivaults, vaults_room_octagon,
          vaults_room_stairs_pillars, nicolae_vaults_gold_heap,
          vaults_room_octagon, v_misc_8, v_pattern_3, vaults_room_door_hall,
          nicolae_vaults_little_squares_5, hangedman_vaults_capsules,
          vaults_dpeg_ring, layout_vaults_ring
Vaults:5: uniq_margery, uniq_jory
Depths:1: layout_roguey, abyss_entry, rand_demon_pan_entry_1,
          hangedman_geh_valley, kennysheep_flooded_box, minmay_starry_boxes,
          serial_bayou_shore_b
Depths:2: kennysheep_demon_jail, layout_gridlike, hell_entry, minivault_16,
          minislime_mu
Depths:3: grunt_arcs, layout_small_grid, pan_entry, hell_entry,
          grunt_decor_resistance, st_stairs_1
Depths:4: minmay_the_grid_net [minmay_the_grid_tree, minmay_the_grid_embedded,
          minmay_the_grid_dragon_b, minmay_the_grid_minigrid_small_alt,
          minmay_the_grid_outer_diamond, minmay_the_grid_prize_shrinking_boxes],
          layout_cave_pools, nicolae_abyss_entry_one_way_or_another,
          grunt_hell_entry_dis_mu, grunt_pan_entry_zigzag,
          infiniplex_staircase_zigzag_4
Depths:5: evilmike_zot_entry_argh, layout_basic, enter_ziggurat_f,
          tso_metal_star, lightli_too_deep, minmay_misc_feat_tower
Zot:1:    layout_misc_corridors, lemuel_baited_zot_trap
Zot:2:    layout_twisted_circle
Zot:3:    layout_basic
Zot:4:    regret_index_qazlal_generations, layout_twisted_circle, st_stairs_3,
          lemuel_elevator
Zot:5:    layout_misc_corridors

Skill      XL: |  1  2  3  4  5  6  7  8  9 10 11 12 13 14 15 16 17 18 19 20 21 22 23 24 25 |
---------------+----------------------------------------------------------------------------+-----
Fighting       | 1 3 4 6 8 9 10 11 12 13 14 15 16 17 18 21 | 21.5
Stealth        | 3 4 5 6 |  6.0
Short Blades   | 2 3 7 6 8 9 11 | 11.0
Shields        | 2 3 4 7 9 11 12 13 16 18 19 20 21 22 23 | 23.0
Evocations     | 5 6 7 8 9 10 11 12 13 14 15 | 15.0
Long Blades    | 3 6 9 10 11 12 13 14 15 | 15.3
Armour         | 4 6 8 10 11 12 13 15 17 19 21 27 | 27.0
Dodging        | 4 6 8 9 10 11 | 11.4
Throwing       | 2 6 7 9 10 11 12 13 14 16 | 16.0
Spellcasting   | |  2.1
Hexes          | |  3.2

Action                   |  1- 3 |  4- 6 |  7- 9 | 10-12 | 13-15 | 16-18 | 19-21 | 22-24 | 25-27 || total
-------------------------+-------+-------+-------+-------+-------+-------+-------+-------+-------++-------
Melee: Dagger            |   155 |   293 |   325 |       |       |       |       |       |       ||   773
       Scimitar          |       |       |   216 |   623 |  1345 |   137 |       |       |       ||  2321
       Demon blade       |       |       |       |       |       |   744 |  1252 |   117 |    23 ||  2136
       Rapier            |       |       |       |       |       |       |   490 |  1345 |   914 ||  2749
       Headbutt          |       |       |       |       |       |       |       |   198 |   365 ||   563
Throw: Javelin           |       |       |       |       |       |       |       |    96 |   159 ||   255
       Boomerang         |       |       |       |       |       |       |       |    76 |   127 ||   203
       Throwing net      |       |       |       |       |       |       |       |       |     5 ||     5
Invok: Sacrifice Experie |       |       |     1 |       |       |       |       |       |       ||     1
       Sacrifice Words   |       |       |     1 |       |       |       |       |       |       ||     1
       Apocalypse        |       |       |       |     4 |     2 |     3 |     2 |     3 |     3 ||    17
       Power Leap        |       |       |       |     3 |       |       |     2 |       |     2 ||     7
       Draw Out Power    |       |       |       |     2 |     2 |     1 |     1 |     7 |       ||    13
       Sacrifice Drink   |       |       |       |     1 |       |       |       |       |       ||     1
       Sacrifice an Eye  |       |       |       |     1 |       |       |       |       |       ||     1
       Sacrifice Love    |       |       |       |     1 |       |       |       |       |       ||     1
 Abil: Evoke Berserk Rag |       |       |     7 |     4 |     4 |       |       |       |       ||    15
       Evoke Invisibilit |       |       |     5 |     8 |    16 |     7 |     2 |       |     7 ||    45
       Hop               |       |       |     4 |     2 |     4 |     3 |     1 |     5 |     7 ||    26
       Evoke Blink       |       |       |       |       |       |       |       |       |     6 ||     6
Evoke: Wand              |       |       |       |     3 |     6 |     9 |     1 |    24 |    17 ||    60
       Tin of tremorston |       |       |       |       |       |     2 |     2 |     8 |     1 ||    13
       Phial of floods   |       |       |       |       |       |     2 |       |       |       ||     2
  Use: Scroll            |       |     9 |    10 |    22 |     4 |    13 |     3 |    12 |    12 ||    85
       Potion            |       |     1 |     3 |     1 |     2 |     1 |       |     7 |    15 ||    30
 Stab: Sleeping          |     4 |     1 |     7 |    16 |     6 |       |       |       |     3 ||    37
       Invisible         |       |       |     8 |    25 |    83 |    55 |    28 |     7 |    27 ||   233
       Distracted        |       |       |     1 |     5 |    13 |     6 |    22 |     9 |     5 ||    61
       Paralysed         |       |       |       |     3 |     9 |     8 |     6 |     3 |     9 ||    38
       Confused          |       |       |       |       |     1 |     2 |       |       |       ||     3
       Petrified         |       |       |       |       |       |    10 |       |       |       ||    10
       Held in net/web   |       |       |       |       |       |       |       |       |     1 ||     1
  Eat: Chunk             |     4 |    10 |     7 |    23 |    28 |    16 |    24 |    20 |     5 ||   137
       Ration            |       |     1 |     6 |     5 |     7 |     6 |     4 |     5 |     9 ||    43
Armor: Robe              |    39 |     2 |       |       |       |       |       |       |       ||    41
       Scale mail        |       |    84 |       |       |       |       |       |       |       ||    84
       Skin              |       |    25 |       |       |       |       |       |       |       ||    25
       Leather armour    |       |     5 |    77 |    48 |    59 |       |       |       |       ||   189
       Plate armour      |       |       |       |       |   122 |   158 |    65 |       |       ||   345
       Gold dragon scale |       |       |       |       |       |    32 |   145 |   286 |   118 ||   581
Dodge: Dodged            |   112 |    90 |   142 |   108 |   232 |   140 |   158 |   135 |   115 ||  1232
Block: Kite shield       |       |    57 |   383 |   312 |       |       |       |       |       ||   752
       Reflection        |       |       |     8 |     8 |   105 |    11 |   144 |    62 |    22 ||   360
       Tower shield      |       |       |       |   224 |  1482 |   957 |  1507 |  1255 |   814 ||  6239
       Rpst.: Scimitar   |       |       |    19 |    37 |    44 |     3 |       |       |       ||   103
       Demon blade       |       |       |       |       |       |    25 |    20 |     2 |       ||    47
